Cogmind - Beta 15 @@@ ROGUE MODE // 2025.06.16 @ 22:43:56 Player: 7604 Result: Self-destructed Performance ------------- Evolutions (3) 1500 Regions Visited (6) 1200 Robots Destroyed (93) 465 Value Destroyed (2672) 2672 Prototype IDs (17) 340 Alien Tech Used (0) 0 Bonus (3) 3 TOTAL SCORE: 6180 Bonus ------- Follower Combat Kills 21 Friendly Fire -18 Cogmind --------- Core Integrity 226/700 Matter 300/300 Energy 100/100 System Corruption 5% Temperature Cool (9) Movement Core (400) Ox7 Location -7/Factory Parts ------- > --- POWER (1) -------- (None) > --- PROPULSION (4) --- (None) > --- UTILITY (6) ------ Large Storage Unit Hacking Suite Hacking Suite System Shield > --- WEAPON (2) ------- Chainsword (fused) > --- INVENTORY (15) --- Micro Nuclear Core Micro Nuclear Core Seismic Detector Transmission Jammer Propulsion Shielding Propulsion Shielding Improved Utility Shielding Improved Trap Extractor (0/6) Mini Grenade Launcher Precision Grenade Launcher Peak State ------------ > --- POWER ------------ Micro Nuclear Core > --- PROPULSION ------- Improved Hover Unit Gravmag System Gravmag System Gravmag System > --- UTILITY ---------- Medium Storage Unit Seismic Detector Improved Utility Shielding Hacking Suite Hacking Suite System Shield > --- WEAPON ----------- Precision Grenade Launcher Improved Datajack > --- INVENTORY -------- Light Nuclear Core Micro Nuclear Core Gravmag System Seismic Detector Transmission Jammer Improved Propulsion Shielding Improved Medium Armor Plating Improved Trap Extractor Mini Grenade Launcher Katana [Rating: 43] Favorites ----------- Power Ion Engine Engine Ion Engine Power Core Micro Nuclear Core Propulsion Light Treads Treads Light Treads Leg Aluminum Leg Hover Unit Gravmag System Flight Unit Cesium-ion Thruster Utility Seismic Detector Device Seismic Detector Storage Large Storage Unit Processor Machine Analyzer Hackware Hacking Suite Protection Improved Utility Shielding Weapon Minigun Energy Gun Medium Laser Ballistic Gun Minigun Ballistic Cannon Mini Assault Cannon Launcher Mini Grenade Launcher Impact Weapon Heavy Mace Slashing Weapon Chainsword Special Melee Weapon Improved Datajack Build | -11 -10 -10 -10 -9 -8 -7 ------- Run | Yrd Mat Min Exi Min Mat Fac Slots Evolved 6 | . . . . . 4 2 Power . | . . . . . . . Propulsion 2 | . . . . . 2 . Utility 4 | . . . . . 2 2 Weapon . | . . . . . . . Parts Attached 86 | 2 7 . . 5 30 42 Power 8 | . . . . 2 3 3 Engine 4 | . . . . 2 2 . Core 4 | . . . . . 1 3 Reactor . | . . . . . . . Propulsion 26 | . 2 . . . 9 15 Treads 11 | . 2 . . . 9 . Leg . | . . . . . . . Wheel . | . . . . . . . Hover 9 | . . . . . . 9 Flight 6 | . . . . . . 6 Utility 30 | 1 5 . . . 9 15 Device 13 | 1 3 . . . 6 3 Storage 5 | . 2 . . . 1 2 Processor 2 | . . . . . . 2 Hackware 4 | . . . . . . 4 Protection 6 | . . . . . 2 4 Artifact . | . . . . . . . Weapon 22 | 1 . . . 3 9 9 Energy Gun 7 | 1 . . . 3 3 . Energy Cannon . | . . . . . . . Ballistic Gun 5 | . . . . . 4 1 Ballistic Cannon 1 | . . . . . . 1 Launcher 3 | . . . . . 2 1 Special Weapon . | . . . . . . . Impact Weapon 1 | . . . . . . 1 Slashing Weapon 2 | . . . . . . 2 Piercing Weapon . | . . . . . . . Special Melee Weapon 3 | . . . . . . 3 Unidentified Prototypes 7 | . . . . . 4 3 Corrupted Parts 1 | . . . . 1 . . System Corruption 1 | . . . . 1 . . Parts Lost 25 | . . . . 3 8 14 Power 2 | . . . . 1 1 . Propulsion 11 | . . . . . 2 9 Utility 5 | . . . . . 3 2 Weapon 7 | . . . . 2 2 3 Highest Loss Streak 7 | . . . . 2 1 7 To Critical Strikes . | . . . . . . . Average Backups 14 | 6 8 12 13 12 23 9 Power 1 | 1 1 1 2 1 1 1 Propulsion 3 | 4 . . . . 7 1 Utility 6 | . 5 8 8 8 8 3 Weapon 3 | 1 1 2 3 2 5 2 Tool/Special . | . . . . . . . Unused Backups 23 | . 9 . . 1 3 10 Power 4 | . 1 . . 1 1 1 Propulsion 9 | . 6 . . . . 3 Utility 5 | . 1 . . . . 4 Weapon 4 | . 1 . . . 2 1 Tool/Special 1 | . . . . . . 1 Average Slot Usage (%) 96 | . 99 100 100 99 95 93 Engine 8 | . 14 14 14 14 7 . Core 2 | . . . . . 1 6 Treads 22 | . 26 28 28 27 33 . Hover 5 | . . . . . . 20 Flight 2 | . . . . . . 8 Device 13 | . 14 14 14 14 18 6 Storage 10 | . 14 14 14 14 9 7 Hackware 5 | . . . . . . 19 Protection 4 | . . . . . 6 7 Energy Gun 11 | . 28 28 28 27 1 . Ballistic Gun 5 | . . . . . 16 . Slashing Weapon 1 | . . . . . . 5 Special Melee Weapon 1 | . . . . . . 3 Peak Build Rating 43 | 7 10 10 9 12 30 43 Average Rating 21 | 6 8 8 9 10 24 36 On Entrance 11 | 6 7 8 9 9 12 29 Naked Turns . | . . . . . . . Heaviest Build 110 | 14 29 29 29 31 110 107 Greatest Support 80 | 20 40 40 40 40 80 80 Greatest Overweight (x) 9 | . 1 . . 9 1 3 Average Overweight (x) . | . . . . . . . Largest Inventory Capacity 25 | 8 15 15 15 15 25 25 Average Capacity 16 | 8 12 15 15 15 24 11 Most Carried 25 | 8 10 13 13 15 25 25 Average Carried 14 | 6 8 12 13 12 23 9 Final Capacity 25 | 8 15 15 15 15 25 15 Final Carried 25 | 7 10 13 13 15 25 10 Class Distribution -------------------- 44% | Mutant 29% | Scavenger-Mutant 19% | Hacker-Mutant 4% | Hacker-Sprinter Dominant Class ---------------- Mutant | -10/Materials Mutant | -10/Mines Mutant | -10/Exiles Mutant | -9/Mines Scavenger-Mutant | -8/Materials Hacker-Mutant | -7/Factory Resources | -11 -10 -10 -10 -9 -8 -7 ----------- Run | Yrd Mat Min Exi Min Mat Fac Matter Collected 2711 | 220 140 20 . 120 1238 973 Remotely . | . . . . . . . Salvage Created 3182 | 24 493 . . 267 1675 723 Parts 201 | 3 17 . . 24 104 53 Haulers Intercepted 7 | . 1 . . . 4 2 Recyclers Shooed 3 | 1 . . . . 1 1 Parts Field Recycled . | . . . . . . . Retrieved Matter . | . . . . . . . Parts Self-Destructed . | . . . . . . . Prevented . | . . . . . . . Kills | -11 -10 -10 -10 -9 -8 -7 ------- Run | Yrd Mat Min Exi Min Mat Fac Combat Hostiles Destroyed 64 | . 14 . . 9 29 12 Melee 8 | . . . . . . 8 Guns 48 | . 13 . . 9 26 . AOE 7 | . . . . . 3 4 Classes Destroyed 14 | 1 5 . . 2 5 1 Worker 10 | . . . . . 4 6 Builder 1 | . . . . 1 . . Tunneler 2 | 1 . . . 1 . . Hauler 7 | . 1 . . . 4 2 Recycler 1 | . . . . . 1 . Operator 3 | . . . . . 1 2 Watcher 5 | . 2 . . . 2 1 Swarmer 17 | . 6 . . 4 3 4 Grunt 28 | . 7 . . 4 17 . Brawler 2 | . . . . 1 1 . Duelist 1 | . . . . . 1 . Sentry 7 | . . . . . 7 . Programmer 8 | . . . . . . 8 Subdweller 1 | . 1 . . . . . Best Kill Streak 4 | 1 3 . . 4 4 4 Combat Bots Only 4 | . 3 . . 4 3 4 Max Kills in Single Turn 2 | 1 2 . . 1 2 2 Gunslinging 1 | . 1 . . . 1 . Exploded 2 | . . . . . 1 2 Melee 1 | . . . . . . 1 Uniques/NPCs Destroyed . | . . . . . . . Combat | -11 -10 -10 -10 -9 -8 -7 -------- Run | Yrd Mat Min Exi Min Mat Fac Hostile Shots Fired 495 | . 47 1 . 39 164 244 Missed 184 | . 11 . . 10 39 124 Hits 311 | . 36 1 . 29 125 120 Projectile 311 | . 36 1 . 29 125 120 AOE 3 | . . 2 . . . 1 Critical Strikes 12 | . . . . . 3 9 Actively Blocked 3 | . . . . . . 3 Part Disruptions 1 | . . . . . . 1 Actively Blocked 1 | . . . . . . 1 Damage Taken 4166 | . 368 41 . 323 1903 1531 Core 762 | . 68 5 . 42 173 474 Absorbed by Shields . | . . . . . . . Redirected to Shielding 260 | . . . . . . 260 Regen/Repaired (Parts) 349 | . 133 . . . . 216 Core Remaining (%) 74 | 100 . . . 54 68 . Volleys Fired 200 | 3 46 . . 24 125 2 Largest 2 | 2 2 . . 2 2 1 Hottest 115 | 90 90 . . 115 88 36 Shots Fired 393 | 6 92 . . 45 248 2 Gun 383 | 6 92 . . 45 240 . Cannon . | . . . . . . . Launcher 10 | . . . . . 8 2 Special . | . . . . . . . Kinetic 234 | . . . . . 234 . Thermal 142 | 6 92 . . 38 6 . Explosive 10 | . . . . . 8 2 Electromagnetic 7 | . . . . 7 . . Robot Hit Streak 20 | 3 15 . . 16 20 . Robot Miss Streak 4 | 2 4 . . 1 3 . Penetration Max . | . . . . . . . Secondary Targets 4 | . 1 . . . 3 . Max Gunslinging Chain 1 | . 1 . . . 1 . Shots Hit Robots 347 | 4 62 . . 39 180 62 Core Hits 145 | 2 27 1 . 16 79 20 Critical Kills . | . . . . . . . Critical Parts Destroyed . | . . . . . . . Critical Strikes 13 | . 6 . . 3 . 4 Burn 9 | . 6 . . 3 . . Sever 4 | . . . . . . 4 Melee Attacks 130 | . . . . . . 130 Impact 11 | . . . . . . 11 Slashing 112 | . . . . . . 112 Piercing . | . . . . . . . Sneak Attacks 18 | . . . . . . 18 Combat Hostiles . | . . . . . . . Follow-up Attacks . | . . . . . . . Damage Inflicted 7900 | 46 786 19 . 579 3643 2827 Guns 4523 | 46 770 . . 544 3163 . Cannons . | . . . . . . . Explosions 712 | . . . . . 438 274 Melee 2553 | . . . . . . 2553 Ramming 112 | . 16 19 . 35 42 . Kinetic 3117 | . . . . . 3117 . Thermal 1326 | 46 770 . . 464 46 . Explosive 712 | . . . . . 438 274 Electromagnetic 80 | . . . . 80 . . Impact 296 | . . . . . . 296 Slashing 2257 | . . . . . . 2257 Piercing . | . . . . . . . Highest Corruption 5 | . . . . 1 . 5 Average Corruption 3 | . . . . 1 . 4 Corruption Purged 6 | . . . . . . 6 Corruption Blocked . | . . . . . . . Effects 38 | . . . . 8 . 30 Message Errors 8 | . . . . 3 . 5 Matter Fused 6 | . . . . . . 6 Heat Flow Errors 5 | . . . . . . 5 Energy Discharges 8 | . . . . 2 . 6 Parts Rejected 1 | . . . . . . 1 Parts Fused 1 | . . . . . . 1 Data Loss (minor) 6 | . . . . 2 . 4 Data Loss (major) 1 | . . . . . . 1 Misfires 1 | . . . . 1 . . Alerts 1 | . . . . . . 1 Overload Shots . | . . . . . . . Overflow Damage 474 | . . . . . . 474 Projectiles . | . . . . . . . Explosions . | . . . . . . . Melee 474 | . . . . . . 474 Knockbacks 5 | . . 1 . . 1 3 Impact 5 | . . 1 . . 1 3 Kinetic . | . . . . . . . Secondary . | . . . . . . . Self-Inflicted Damage . | . . . . . . . Shots . | . . . . . . . Rammed 15 | . 4 4 . 2 5 . Targets Rammed 18 | . 4 4 . 4 6 . Kicked . | . . . . . . . Crushed 3 | . . . . 2 1 . Highest Temperature 208 | 60 180 . . 144 24 208 Average Temperature 56 | 27 55 . . 56 8 91 Received Heat Transfer 1482 | . 144 . . 147 963 228 Siege Activations . | . . . . . . . Martial Activations . | . . . . . . . Shielding Activations . | . . . . . . . Robots Disrupted . | . . . . . . . Combat Hostiles . | . . . . . . . Robots Corrupted 2 | . . . . . . 2 Combat Hostiles . | . . . . . . . Parts Fried 1 | . . . . . . 1 Impact Corruptions 7 | . . . . . . 7 Robots Melted 1 | . 1 . . . . . Combat Hostiles 1 | . 1 . . . . . Parts Melted 10 | . 8 . . 2 . . Heat Transferred 4080 | 112 2414 . . 1443 111 . Parts Sabotaged . | . . . . . . . Parts Stolen . | . . . . . . . Parts Stripped . | . . . . . . . Power Chain Reactions . | . . . . . . . Alert | -11 -10 -10 -10 -9 -8 -7 ------- Run | Yrd Mat Min Exi Min Mat Fac Maximum Alert Level 1 | . . . . . 1 1 Low Security (%) 80 | 100 100 100 . 100 63 74 Level 1 19 | . . . . . 36 25 Level 2 . | . . . . . . . Level 3 . | . . . . . . . Level 4 . | . . . . . . . Level 5 . | . . . . . . . High Security . | . . . . . . . Max Security . | . . . . . . . Peak Influence 370 | 5 118 . . 126 370 338 Initial 94 | . . . . . 17 94 Average 87 | . 33 . . 36 120 135 Influence Increases 2621 | 5 394 . . 324 953 945 Destroy 0b10 Robot/C 1320 | . 260 . . 240 580 240 Destroy 0b10 Robot/NC 145 | 5 15 . . 10 60 55 Destroy Leader 354 | . 56 . . 40 162 96 Allied During Kill 4 | . . . . 4 . . Successful Hack 102 | . 33 . . . 22 47 Select Force Hacks 90 | . 30 . . . 60 . Disable Machine 75 | . . . . 30 30 15 Destroy Structure 81 | . . . . . 24 57 Partial Spotted 150 | . . . . . . 150 Lose Combat Pursuer 300 | . . . . . 15 285 Influence Decreases 2361 | 5 394 . . 278 791 893 Entered New Map 143 | . . . . . 29 114 Time Decay 1773 | 5 394 . . 238 535 601 Lost Part 218 | . . . . 20 77 121 Lost Ally 40 | . . . . 20 . 20 Purge Threat 187 | . . . . . 150 37 Squads Dispatched 20 | . 3 . . . 8 9 Investigation 7 | . 2 . . . 3 2 Extermination 5 | . . . . . . 5 Reinforcement 8 | . 1 . . . 5 2 Assault . | . . . . . . . Garrison . | . . . . . . . Intercept . | . . . . . . . Searches Triggered . | . . . . . . . Construction Impeded 1 | . . . . . 1 . Haulers Reinforced 1 | . . . . . . 1 Active Scanning Responses . | . . . . . . . Cargo Convoy Interrupts . | . . . . . . . Stealth | -11 -10 -10 -10 -9 -8 -7 --------- Run | Yrd Mat Min Exi Min Mat Fac Distress Signals 10 | . . . . . 3 7 Communications Jammed . | . . . . . . . Distress Signals . | . . . . . . . Times Spotted 129 | . 22 2 . 10 41 54 Peak Tracking Total 7 | . 4 2 . 4 4 7 Tactical Retreats 15 | . . . . . 1 14 Traps | -11 -10 -10 -10 -9 -8 -7 ------- Run | Yrd Mat Min Exi Min Mat Fac Traps Triggered 7 | . . . . . 1 6 Indirectly . | . . . . . . . Trap Hack Attempts . | . . . . . . . Triggered . | . . . . . . . Disarmed 3 | . . . . . 3 . Reprogrammed . | . . . . . . . Reused . | . . . . . . . Traps Extracted . | . . . . . . . Installed . | . . . . . . . Triggered . | . . . . . . . Machines | -11 -10 -10 -10 -9 -8 -7 ---------- Run | Yrd Mat Min Exi Min Mat Fac Machines Disabled 5 | . . . . 2 2 1 Max in Single Turn 1 | . . . . . 1 1 Garrison Access 4 | . . . . . 1 3 Machines Repaired . | . . . . . . . Machines Dismantled . | . . . . . . . Machines Sabotaged . | . . . . . . . Overloaded Fab Kills . | . . . . . . . Hacking | -11 -10 -10 -10 -9 -8 -7 --------- Run | Yrd Mat Min Exi Min Mat Fac Machines Accessed 46 | . 8 . 1 . 10 27 Terminals 25 | . 6 . . . 6 13 Fabricators 1 | . . . . . . 1 Repair Stations 6 | . 1 . . . . 5 Recycling Units 7 | . 1 . . . 2 4 Scanalyzers 2 | . . . . . 1 1 Garrison Access 4 | . . . . . 1 3 Total Hacks 140 | . 30 . 1 . 32 77 Successful 85 | . 19 . 1 . 19 46 Failed 54 | . 11 . . . 13 30 Catastrophic 7 | . 2 . . . . 5 Database Lockouts 1 | . . . . . . 1 Manual 52 | . 18 . . . 17 17 Terminals 84 | . 21 . . . 24 39 Fabricators 1 | . . . . . . 1 Repair Stations 26 | . 5 . . . . 21 Recycling Units 17 | . 4 . . . 4 9 Scanalyzers 5 | . . . . . 3 2 Garrison Access 6 | . . . . . 1 5 Terminal Hacks 27 | . 6 . 1 . 6 14 Record 1 | . . . 1 . . . Part Schematic 3 | . . . . . . 3 Robot Analysis 5 | . 3 . . . 1 1 Prototype ID Bank 5 | . . . . . 1 4 Branch Access Points 1 | . . . . . . 1 Machine Index 1 | . . . . . . 1 Terminal Index 1 | . . . . . . 1 Alert Level 1 | . . . . . 1 . Unreport Threat 2 | . . . . . 1 1 Locate Traps 3 | . 2 . . . 1 . Disarm Traps 1 | . . . . . 1 . Hauler Manifests 1 | . . . . . . 1 Zone Layout 2 | . 1 . . . . 1 Fabricator Hacks 1 | . . . . . . 1 Network Status 1 | . . . . . . 1 Repair Station Hacks 19 | . 4 . . . . 15 Scan Component 10 | . 2 . . . . 8 Repair 9 | . 2 . . . . 7 Recycling Unit Hacks 7 | . 1 . . . 1 5 Recycle Component 1 | . . . . . . 1 Process 1 | . . . . . . 1 Retrieve Components 5 | . 1 . . . 1 3 Scanalyzer 5 | . . . . . 3 2 Insert Component 2 | . . . . . 1 1 Analyze 3 | . . . . . 2 1 Garrison Access Hacks 4 | . . . . . 1 3 Seal Access 4 | . . . . . 1 3 Unauthorized Hacks 22 | . 8 . . . 8 6 Terminals 19 | . 7 . . . 6 6 Assimilate 3 | . . . . . . 3 Botnet 4 | . 1 . . . 1 2 Operators 2 | . 1 . . . . 1 Skim 10 | . 5 . . . 5 . Fabricators . | . . . . . . . Repair Stations . | . . . . . . . Recycling Units 3 | . 1 . . . 2 . Tunnel 3 | . 1 . . . 2 . Scanalyzers . | . . . . . . . Garrison Access . | . . . . . . . Data Cores Recovered 1 | . . . . . . 1 Used . | . . . . . . . Hacking Detections 32 | . 6 . . . 8 18 Full Trace Events 3 | . . . . . 1 2 Feedback Events . | . . . . . . . Feedback Blocked . | . . . . . . . Robot Schematics Acquired . | . . . . . . . Robots Built . | . . . . . . . Authchips . | . . . . . . . Time . | . . . . . . . Total Robot Build Rating . | . . . . . . . Part Schematics Acquired 5 | . . . . . 1 4 Parts Built . | . . . . . . . Authchips . | . . . . . . . Time . | . . . . . . . Total Part Build Rating . | . . . . . . . Parts Repaired 9 | . 2 . . . . 7 Time 269 | . 52 . . . . 217 Parts Recycled 1 | . . . . . . 1 Recycled Matter 290 | . . . . . . 290 Retrieved Matter . | . . . . . . . Retrieved Components 24 | . 10 . . . 10 4 Parts Scanalyzed 2 | . . . . . 1 1 Part Schematics Acquired 2 | . . . . . 1 1 Parts Damaged . | . . . . . . . Bothacking | -11 -10 -10 -10 -9 -8 -7 ------------ Run | Yrd Mat Min Exi Min Mat Fac Used RIF Installer . | . . . . . . . Robots Hacked 4 | . . . . . . 4 Non-combat 4 | . . . . . . 4 Combat . | . . . . . . . Robot Hacks Applied 5 | . . . . . . 5 find_chute 5 | . . . . . . 5 Relay Couplers Released . | . . . . . . . Fabnet Peak Effective % . | . . . . . . . Robots Rewired . | . . . . . . . Allies Hacked . | . . . . . . . Hacks Repelled . | . . . . . . . Allies | -11 -10 -10 -10 -9 -8 -7 -------- Run | Yrd Mat Min Exi Min Mat Fac Total Allies 3 | . . . . 1 . 2 Largest Group 2 | . . . . 1 . 2 Highest-Rated Group 31 | . . . . 31 . 20 Highest-Rated Ally 31 | . . . . 31 . 10 Total Orders . | . . . . . . . Ally Attacks 9 | . . . . 9 . . Total Damage 83 | . . . . 83 . . Kills 3 | . . . . 3 . . Allies Corrupted . | . . . . . . . Allies Melted . | . . . . . . . Intel | -11 -10 -10 -10 -9 -8 -7 ------- Run | Yrd Mat Min Exi Min Mat Fac Active Infowar (turns) 7099 | 20 879 796 228 826 2317 2033 Terrain 67 | . 50 17 . . . . Seismic 7032 | 20 829 779 228 826 2317 2033 Machine Analysis 570 | . . . . . . 570 Robot Analysis Total 5 | . 3 . . . 1 1 Derelict Logs Recovered 4 | . . 2 . 2 . . Drone Launches . | . . . . . . . Drone Recoveries . | . . . . . . . Exploration | -11 -10 -10 -10 -9 -8 -7 ------------- Run | Yrd Mat Min Exi Min Mat Fac Turns Passed 8017 | 52 1247 796 228 932 2560 2202 Spaces Moved 6226 | 32 634 473 143 511 808 3625 Core 1 | . . . . 1 . . Treads 2561 | . 622 473 143 510 808 5 Legs 44 | 32 12 . . . . . Wheels . | . . . . . . . Hover 2148 | . . . . . . 2148 Flight 1472 | . . . . . . 1472 Fastest Speed 26 | 120 120 160 160 160 160 26 Average Speed 101 | 120 162 160 160 160 238 42 Slowest Speed 500 | 120 240 160 160 500 240 240 Overloaded Moves . | . . . . . . . Propulsion Burnouts . | . . . . . . . Robots Hopped 6 | . . . . . . 6 Potential Cave-ins . | . . . . . . . Cave-ins Triggered . | . . . . . . . Exploration Rate (%) 65 | 3 87 91 49 93 73 64 Regions Visited 6 Branch Regions 3 Pre-discovered Areas 6 | . 1 2 1 . 2 . Known Exits Taken . | . . . . . . . Unknown Exits Taken 6 | 1 1 1 1 1 1 . Scrap Searched 2 | . . 1 . 1 . . Spaces Dug 49 | . . . . . . 49 Terrain Destroyed 85 | . . . . . 29 56 Melee 41 | . . . . . . 41 Projectile . | . . . . . . . AOE 44 | . . . . . 29 15 Terrain Rammed . | . . . . . . . Walls Destroyed . | . . . . . . . Machines Disabled . | . . . . . . . Actions | -11 -10 -10 -10 -9 -8 -7 --------- Run | Yrd Mat Min Exi Min Mat Fac Total 7341 | 39 754 509 142 569 1231 4097 Wait 476 | 1 44 28 . 9 211 183 Move 6210 | 31 633 472 142 510 807 3615 Hop 4 | . . . . . . 4 Pick Up 61 | 2 6 3 . 6 22 22 Fast Attach 38 | . 2 . . 3 14 19 Attach 33 | 1 . . . 3 7 22 Detach 25 | . . . . . 4 21 Swap 84 | 1 13 2 . 9 15 44 Drop 62 | . 6 . . 1 20 35 Fire 200 | 3 46 . . 24 125 2 Melee 130 | . . . . . . 130 Ram . | . . . . . . . Kick . | . . . . . . . Crush 18 | . 4 4 . 4 6 . Escape Stasis . | . . . . . . . Rewire . | . . . . . . . Trap . | . . . . . . . Miscellaneous . | . . . . . . . Route ------- -11/Scrapyard -10/Materials (discovered 5 exits: *Mat x3 / [*Min] / *Sub) -10/Mines (discovered 3 exits: *Mat x2 / *Exi) -10/Exiles (discovered 2 exits: [*Min x2]) -9/Mines (discovered 2 exits: *Mat x2) -8/Materials (discovered 2 exits: *Fac x2) -7/Factory (discovered 5 exits: [*Fac x2] / Sto / *Low x2) History --------- Turn | Location | Event 6 | -11/Scrapyard | Discovered new exit (range 3) 53 | -11/Scrapyard | Entered Materials 153 | -10/Materials | Discovered new exit (range 20) 306 | -10/Materials | Discovered new exit (range 16) 315 | -10/Materials | Build established: Mutant 653 | -10/Materials | Derelicts attacked the area 786 | -10/Materials | Identified exit to Materials 824 | -10/Materials | Learned 2 Storage zone layouts 852 | -10/Materials | Identified exit to Subcaves 869 | -10/Materials | Learned 4 Recycling zone layouts 876 | -10/Materials | Learned Storage garrison access intel 877 | -10/Materials | Learned Storage non-interactive machine intel 1058 | -10/Materials | Repaired Lgt. Treads 1088 | -10/Materials | Repaired Lgt. Treads 1300 | -10/Materials | Entered Mines 1301 | -10/Mines | Assembled infested the area 1352 | -10/Mines | Met 8R-AWN 1492 | -10/Mines | Discovered new exit (range 5) 1531 | -10/Mines | Learned location of Storage (-7) 1536 | -10/Mines | Discovered exit to Materials (range 7) 1724 | -10/Mines | Discovered exit to Materials (range 8) 2096 | -10/Mines | Entered Exiles 2122 | -10/Exiles | Discovered new exit (range 15) 2133 | -10/Exiles | Welcomed by 8R-AWN 2162 | -10/Exiles | Met EX-HEX 2226 | -10/Exiles | Met EX-DEC 2232 | -10/Exiles | Learned location of Zion (-6) 2311 | -10/Exiles | Discovered new exit (range 10) 2324 | -10/Exiles | Entered Mines 2442 | -9/Mines | Discovered new exit (range 15) 2499 | -9/Mines | Learned Materials emergency access door positions 2656 | -9/Mines | Found a hidden stash of uninstalled traps 2733 | -9/Mines | Learned Materials terminal intel 2771 | -9/Mines | Discovered new exit (range 6) 2772 | -9/Mines | Received a Mining Laser from a helpful Derelict 3256 | -9/Mines | Entered Materials 3256 | -8/Materials | Evolved 4 slots: Propulsion x2, Utility x2 3258 | -8/Materials | Loaded intel: 12 terminal locations 3962 | -8/Materials | Build established: Scavenger-Mutant 4760 | -8/Materials | Discovered new exit (range 3) 5670 | -8/Materials | Discovered new exit (range 11) 5816 | -8/Materials | Entered Factory 5816 | -7/Factory | Evolved 2 slots: Utility x2 6126 | -7/Factory | Discovered new exit (range 15) 6159 | -7/Factory | Central database locked down 6255 | -7/Factory | Discovered new exit (range 14) 6452 | -7/Factory | Identified exit to Storage 6452 | -7/Factory | Identified exit to Lower Caves 6599 | -7/Factory | Repaired Gravmag System 6603 | -7/Factory | Repaired Imp. Propulsion Shielding 6623 | -7/Factory | Repaired Gravmag System? 6764 | -7/Factory | Build established: Hacker-Mutant 7030 | -7/Factory | Repaired Gravmag System? 7173 | -7/Factory | Repaired Gravmag System? 7302 | -7/Factory | Repaired Gravmag System? 7592 | -7/Factory | Discovered new exit (range 14) 7737 | -7/Factory | Repaired Gravmag System 8007 | -7/Factory | Core integrity fell below 50% 8018 | -7/Factory | Self-destructed Last Messages --------------- Schematic downloaded. 07869_ Sneak attack on K-01 Serf. 07869_ Destroyed Wheel. 07869_ K-01 Serf destroyed. 07875_ Destroyed Wheel. 07877_ K-01 Serf destroyed. 07880_ Acquired 23 matter. 07880_ Extracted 40 matter. 07883_ Sneak attack on K-01 Serf. 07883_ K-01 Serf destroyed. 07926_ K-01 Serf cleans the Neutrino Reactor. 07934_ U-05 Engineer builds a Wall. 07973_ Gravmag System destroyed. 07991_ K-01 Serf cleans the Power Conduit. 07998_ UCC8XYEYEVEFH7YO3NXWX/DE 08001_ Gravmag System destroyed. 08006_ Datajack destroyed. 08012_ Imp. Hover Unit destroyed. 08014_ Seismic Detector destroyed. 08017_ System corrupted: Chainsword fused. Map ----- +----------------------------------------------------+ | ?????????????????????????????????????????????????? | | ?????????????????????????????????????????????????? | | ?????????????????????????????????????????????????? | | ?????????????????????????????????????????????????? | | ?????????????????????????????????????????????????? | | ?????????????????????????????????????????????????? | | ?????????????????????????????????????????????????? | | ?????????????????????????????????????????????????? | | ?????????????????????????????????????????????????? | | ?????????????????????????????????????????????????? | | ?????????????? ????????????????????????????????? | | ?????????????? ???????????????????????????????? | | ????????????? ????????????????????????##?????? | | ????????????? ??????????????????######"#?????? | | ?????????????# #??????????????????#! = #??????? | | ?????????????# #??????????????????# #??????? | | ?????????????+ #??????????????????# ######## | | ?????????????# #??????????????????# + | | ?????????????# #??????????????????# == ######## | | ?????????????# #??????????????????# = #??????? | | ?????????????# #??????????????????# #??????? | | ?????????????# ##############?????#######??????? | | ?????????????# # #??????????????????? | | ############## # #??????????????????? | | # "" # # Y #??????????????????? | | # ""S # #Y g @ g #??????????????????? | | # "" + /Y """ #??????????????????? | | # """ # # ! """ #??????????????????? | | / """ # # !! """ #??????????????????? | | # """ # # !! ##?????????????????? | | # # #! !! """ #?????????????????? | | # % # # """ ##?????????????????? | | # =!! # # """ #??????????????????? | | # =!! # # #??????????????????? | | # !! # ###########+##??????????????????? | | # # ##????????# ##??????????????????? | | ##+####### ### ###########+##??????????????????? | | ?# #?????###?# # #??????????????????? | | ?# #?????????# # #??????????????????? | | ## #????????## # """"""""" #??????????????????? | | #????????# # #??????????????????? | | ####????????#T # """"""""" #??????????????????? | | ????????????## # #??????????????????? | | #????????????# # """"""""" #??????????????????? | | #????????????# # #?????????????###### | | ############## # """"""""" #?????????????# | | # # + #?????????????# | | #" # # """"""""" #?????????????# = " | | #"T # # ##????????????# " | | #" # ###############????????????# " | +----------------------------------------------------+ Best States ------------- Heat Dissipation 59 Energy Generation 18 Energy Capacity 310 Matter Stores 300 Matter Capacity 300 Sight Range 16 Terrain Scan Range 16 Terrain Scan Density 10 Corruption Block 8 Armor Coverage 450 Propulsion Shielding 66 Utility Shielding 66 Evasion (%) 64 Recoil Reduction 4 Offensive Hacking 20 Defensive Hacking 10 Item Schematics ----------------- Imp. VTOL Module | -8/Materials | Scanalyzed Powered Armor | -7/Factory | Hacked KE Penetrator | -7/Factory | Hacked Mass Driver | -7/Factory | Hacked Gravmag System | -7/Factory | Scanalyzed Robot Schematics ------------------ None Fabricated ------------ Nothing Repaired ---------- Lgt. Treads | 44% | -10/Materials Lgt. Treads | 60% | -10/Materials Gravmag System | 26% | -7/Factory Imp. Propulsion Shielding | 66% | -7/Factory Gravmag System | 46% | -7/Factory Gravmag System | 4% | -7/Factory Gravmag System | 15% | -7/Factory Gravmag System | 57% | -7/Factory Gravmag System | 44% | -7/Factory Alien Tech Used ----------------- None Achievements -------------- None Challenges ------------ None Game ------ Seed RapidReinforcedInjector Manual? 0 Play Time 01:04:47 Cumulative 452.6 hours Start 2025.06.16 @ 20:39:26 End 2025.06.16 @ 22:43:56 Sessions 3 Manual Loads 0 Difficulty Rogue Special Mode None Game No. 230 Rogue 167 Adventurer 63 Explorer 0 Win Type - Total 9 Types 8/0/0/1/0/0/0/0/0/0 Lore% 88 Gallery% 80 Achievement% 66 Wizard Run 0 Options --------- Layout 0 ASCII 0 Keyboard 1 Movement Numpad Keybinds 0 Fullscreen 1 Font 18/Terminus Map View 76x50 Zoom Use 5% Tactical HUD 1 Map Filters NONE Filters NONE Steam 1 RUN: 5c690054-e33d-4347-89d3-3fdfe79e4e70